 Dungeon Crawl Stone Soup version 0.32-a0-981-g384da2ce10 (webtiles) character file.

Game seed: 13887985089032875415

380 holysushi the Shooter (level 6, -6/39 HPs)
             Began as an Octopode Hunter on Apr 21, 2024.
             Mangled by a black bear (28 damage)
             ... on level 4 of the Dungeon.
             The game lasted 00:02:30 (2756 turns).

holysushi the Shooter (Octopode Hunter)             Turns: 2756, Time: 00:02:31

Health: -6/39      AC:  5    Str: 11    XL:     6   Next: 75%
Magic:  15/15      EV:  2    Int: 11    God:
Gold:   215        SH:  0    Dex: 17    Spells: 5/5 levels left

rFire   . . .        b - +2 dagger (flame)
rCold   + . .        (no shield)
rNeg    + . .        (helmet restricted)
rPois   .            o - amulet of the acrobat
rElec   .            m - +4 ring of protection
rCorr   .            l - ring of positive energy
SInv    .            q - ring of protection from cold
Will    .....        g - ring of magical power
Stlth   +++          (no ring)
HPRegen 0.26/turn    (no ring)
MPRegen 0.14/turn    (no ring)
                     (no ring)

%: acrobat
@: sleeping
A: almost no armour, amphibious, 8 rings, camouflage 1, gelatinous body 1,
(nimble swimmer 1), tentacles
a: no special abilities


You were on level 4 of the Dungeon.
You visited 1 branch of the dungeon, and saw 4 of its levels.

You collected 215 gold pieces.

Inventory:

Hand Weapons
 a - a +0 shortbow
 b - a +2 dagger of flaming (weapon)
Jewellery
 g - a ring of magical power (on tentacle)
 l - a ring of positive energy (right tentacle)
 m - a +4 ring of protection (left tentacle)
 o - an amulet of the acrobat (around mantle)
 q - a ring of protection from cold (on tentacle)
Wands
 j - a wand of warping (8)
Scrolls
 c - a scroll of blinking {unknown}
 d - 3 scrolls of identify {unknown}
 k - a scroll of enchant weapon {unknown}
 n - a scroll of amnesia {unknown}
 p - 2 scrolls of teleportation {unknown}
 r - a scroll of butterflies
 t - a scroll of torment {unknown}
Potions
 e - a potion of enlightenment {unknown}
 f - 2 potions of curing {unknown}
 h - a potion of mutation {unknown}
 i - a potion of brilliance {unknown}
 s - a potion of invisibility {unknown}


   Skills:
 - Level 2.0 Fighting
 + Level 1.1 Short Blades
 - Level 7.6 Ranged Weapons
 + Level 2.4 Dodging
 - Level 1.3 Stealth


You had 5 spell levels left.
You didn't know any spells.
Your spell library contained the following spells:

 Spells                   Type           Power      Damage    Failure   Level
 Sting                    Conj/Alch      0%         1d3       34%         1
 Mercury Vapours          Alch/Air       0%         N/A       47%         2
 Olgreb's Toxic Radiance  Alch           0%         N/A       98%         4


Dungeon Overview and Level Annotations

Branches:
Dungeon (4/15) Zot: 21216
 Temple: D:4-7

Altars:
Sif Muna


Innate Abilities, Weirdness & Mutations

You cannot wear most types of armour.
You are amphibious.
You can wear up to eight rings at the same time.
Your skin changes colour to match your surroundings (Stealth+).
Your rubbery body absorbs attacks. (AC +1, EV +1)
((You are camouflaged when in or above water. (Stealth+)))
You have tentacles for arms and can constrict up to eight enemies at once.


Message History

You hit the scorpion. You burn the scorpion.
The scorpion is almost dead.
You constrict the scorpion.
You kill the scorpion!
Your Short Blades skill increases to level 1!
No target in view!
Found a plate armour.
A black bear comes into view.
A black bear is nearby!
A black bear is nearby!
Your +2 dagger of flaming stops flaming.
a - a +0 shortbow (weapon)
The black bear growls angrily.
You shoot an arrow. The arrow hits the black bear.
The black bear is lightly wounded.
A sleepcap comes into view.
You shoot an arrow. The arrow hits the black bear.
The black bear is lightly wounded.
You shoot an arrow.
The arrow hits the black bear but does no damage.
The black bear is lightly wounded.
You shoot an arrow. The arrow hits the black bear!
The black bear is heavily wounded.
An endoplasm comes into view.
You shoot an arrow. The arrow hits the black bear.
The black bear is severely wounded.
You shoot an arrow. The arrow hits the black bear.
The black bear is severely wounded.
You shoot an arrow. The arrow hits the black bear!
The black bear is almost dead.
The black bear goes berserk!
Your +2 dagger of flaming bursts into flame!
b - a +2 dagger of flaming (weapon)
The black bear bites you! The black bear claws you. x2
The sleepcap releases spores at you.
You are engulfed in a cloud of soporific spores!
You fall asleep.
The black bear bites you!!
Ouch! That really hurt!
You die...

#..........####
#..........#...
#..........#.ß.
#.......####...
#..............
#........)⌠.... .
#..............
J...#######.......####...
.......h@........[.# #...
.......f...........###...
...........#########.....
....######## #.<.## ...
#...# .. ##### #


You could see a black bear (berserk) and a sleepcap.

Vanquished Creatures
  An ice beast (D:4)
  A scorpion (D:4)
  Jessica (D:3)
  An iguana (D:4)
  An orc wizard (D:4)
  5 adders
  4 gnolls (D:3)
  3 ribbon worms
  4 orcs
  6 bats
  4 endoplasms
  2 giant cockroaches (D:2)
  2 goblins
  5 hobgoblins
  5 kobolds
  4 quokkas
  4 ball pythons
  4 frilled lizards
  5 rats
62 creatures vanquished.

Notes
Turn   | Place    | Note
-------+----------+-------------------------------------------
     0 | D:1      | holysushi the Octopode Hunter began the quest for the Orb.
     0 | D:1      | Reached XP level 1. HP: 14/14 MP: 1/1
    98 | D:1      | Reached XP level 2. HP: 19/19 MP: 2/2
   831 | D:2      | Reached skill level 5 in Ranged Weapons
   831 | D:2      | Reached XP level 3. HP: 12/24 MP: 3/3
  1317 | D:2      | Reached XP level 4. HP: 27/29 MP: 4/4
  1577 | D:3      | Reached skill level 6 in Ranged Weapons
  1766 | D:3      | Reached XP level 5. HP: 34/34 MP: 5/5
  1845 | D:3      | Noticed Jessica
  1858 | D:3      | Killed Jessica
  1868 | D:3      | Found a shimmering blue altar of Sif Muna.
  2221 | D:4      | Noticed an ice beast
  2237 | D:4      | Killed an ice beast
  2238 | D:4      | Reached skill level 7 in Ranged Weapons
  2238 | D:4      | Reached XP level 6. HP: 14/39 MP: 6/6
  2696 | D:4      | Reached skill level 1 in Short Blades
  2745 | D:4      | Noticed a black bear
  2756 | D:4      | Mangled by a black bear

Illustrated notes

Levels and vault maps discovered:
D:1:      dpeg_arrival_simpleton_c, layout_basic, minmay_ruptured
D:2:      layout_basic, serial_forest, infiniplex_forest_end_2,
          infiniplex_forest_lined_2, infiniplex_forest_lined_3_way,
          infiniplex_forest_clump_double, infiniplex_forest_end_1,
          infiniplex_forest_clump_curved, infiniplex_forest_lined_ring,
          infiniplex_forest_straight_4
D:3:      layout_basic, tgw_sif
D:4:      layout_basic, nicolae_hepliaklqana_hippocampus,
          nicolae_elevator_lobby_asterisk

Skill      XL: |  1  2  3  4  5  6 |
---------------+-------------------+-----
Ranged Weapons | 5 6 7 |  7.6
Short Blades   | 1 |  1.1
Fighting       | |  2.0
Dodging        | |  2.4
Stealth        | |  1.3

Action                     |  1- 3 |  4- 6 || total
---------------------------+-------+-------++-------
  Melee: Dagger            |       |    15 ||    15
         Tentacles         |       |     3 ||     3
         Constrict         |       |     1 ||     1
   Fire: Shortbow          |    98 |   120 ||   218
  Evoke: Wand              |       |     3 ||     3
 Armour: Skin              |    21 |    39 ||    60
  Dodge: Dodged            |    25 |    32 ||    57

Table legend: (Time is in decaauts)
 A = Elapsed time spent in this place.
 B = Non-inter-level travel time spent in this place.
 C = Inter-level travel time spent in this place.
 D = Time resting spent in this place.
 E = Time spent auto-exploring this place.
 F = Levels seen in this place.
 G = Mean time per level.
                   A        B        C        D        E       F      G
               +--------+--------+--------+--------+--------+-----+--------+
         Total |   2782 |   2703 |     79 |    323 |   1897 |   4 |  695.5 |
       Dungeon |   2782 |   2703 |     79 |    323 |   1897 |   4 |  695.5 |
               +--------+--------+--------+--------+--------+-----+--------+

Top non-repeatable levels by time:
     D:2: 797 daAuts
     D:3: 795 daAuts
     D:1: 658 daAuts
     D:4: 532 daAuts
